 Dungeon Crawl Stone Soup version 0.28-a0-1506-g3893175d92 (webtiles) character file.

Game seed: 14067271523725836584

25 parzival7114810 the Skirmisher (level 3, -3/33 HPs)
             Began as a Hill Orc Fighter on Jan 13, 2022.
             Slain by a gnoll (4 damage)
             ... on level 1 of the Dungeon.
             The game lasted 00:04:01 (1231 turns).

parzival7114810 the Skirmisher (Hill Orc Fighter)   Turns: 1231, Time: 00:04:02

Health: -3/33      AC:  6    Str: 20    XL:     3   Next: 6%
Magic:  3/3        EV:  9    Int:  8    God:
Gold:   30         SH:  4    Dex: 10    Spells: 2/2 levels left

rFire   . . .      SeeInvis .   a - +0 war axe
rCold   . . .      Faith    .   c - +0 buckler
rNeg    . . .      Spirit   .   b - +0 scale mail
rPois   .          Reflect  .   (no helmet)
rElec   .          Harm     .   (no cloak)
rCorr   .          Rampage  .   (no gloves)
Will    .....                   (no boots)
Stlth   ..........              (no amulet)
HPRegen 0.11/turn               (no ring)
MPRegen 0.08/turn               (no ring)

@: lethally poisoned (-3 -> -22)
A: no striking features
a: no special abilities


You were on level 1 of the Dungeon.
You visited 1 branch of the dungeon, and saw 1 of its levels.

You collected 30 gold pieces.

Inventory:

Hand Weapons
 a - a +0 war axe (weapon)
Armour
 b - a +0 scale mail (worn)
 c - a +0 buckler (worn)
Scrolls
 f - a scroll of amnesia {unknown}
Potions
 d - a potion of might
 e - a potion of ambrosia {unknown}


   Skills:
 + Level 3.9 Fighting
 + Level 3.5 Axes
 + Level 3.5 Armour
 + Level 0.2 Dodging
 + Level 3.5 Shields


You had 2 spell levels left.
You didn't know any spells.
Your spell library was empty.

Dungeon Overview and Level Annotations

Branches:
Dungeon (1/15)

Altars:

Shops:
D:1 :[(**


Message History

HP restored.
You open the door.
There is an open door here.
A ball python comes into view.
The ball python hisses angrily.
Found 15 stones.
You barely miss the ball python. You block the ball python's attack. x2
The ball python barely misses you. x2
You closely miss the ball python. The ball python barely misses you.
The ball python grabs you. The ball python constricts you.
You slash the ball python!
You kill the ball python!
A gnoll comes into view. It is wielding a +0 whip of venom.
Found a stone staircase leading down.
You barely miss the gnoll.
The gnoll hits you with a +0 whip of venom.
You are poisoned.
You hit the gnoll.
The gnoll is lightly wounded.
You feel very sick.
The gnoll hits you with a +0 whip of venom.
The gnoll hits you but does no damage.
You are more poisoned.
You barely miss the gnoll.
The gnoll is lightly wounded.
You feel very sick.
The gnoll hits you with a +0 whip of venom!
You are lethally poisoned!
You hit the gnoll.
The gnoll is heavily wounded.
You feel very sick.
The gnoll hits you with a +0 whip of venom.
* * * LOW HITPOINT WARNING * * *
You are more poisoned.
You barely miss the gnoll.
The gnoll is heavily wounded.
* * * LOW HITPOINT WARNING * * *
You feel extremely sick.
The gnoll hits you with a +0 whip of venom.
You die...

### ########## ###
#..###....#.#.####.#
#...#..#.###.##.#.##
#.g@..##..........##
#.#....#....#......#
#.........(............
#..####################
#.. #....## >..
+.....### ## #.......#
.. #.......#
...###########
####....#


You could see a gnoll.

Vanquished Creatures
  3 bats (D:1)
  An endoplasm (D:1)
  A giant cockroach (D:1)
  3 goblins (D:1)
  2 hobgoblins (D:1)
  3 jackals (D:1)
  A kobold (D:1)
  2 ball pythons (D:1)
  2 frilled lizards (D:1)
  6 rats (D:1)
24 creatures vanquished.

Notes
Turn   | Place    | Note
-------+----------+-------------------------------------------
     0 | D:1      | parzival7114810 the Hill Orc Fighter began the quest for
                  | the Orb.
     0 | D:1      | Reached XP level 1. HP: 19/19 MP: 1/1
    35 | D:1      | Found Nuahaeph's Armour Shop.
    47 | D:1      | Found Qihyjusch's Antique Weapon Boutique.
    68 | D:1      | Found Eluniop's Assorted Antiques.
   100 | D:1      | Reached XP level 2. HP: 18/27 MP: 2/2
   410 | D:1      | Found Tieren's General Store.
   899 | D:1      | Found Azxejecw's Book Shop.
  1071 | D:1      | Reached XP level 3. HP: 33/33 MP: 3/3
  1231 | D:1      | HP: 1/33 [poisoned by a gnoll]
  1231 | D:1      | Slain by a gnoll

Illustrated notes

Levels and vault maps discovered:
D:1:      lightli_arrival_boilingwater, layout_basic, serial_shops,
          nicolae_shop_statue_plus, shop_statue, nicolae_shop_hallway_stairs,
          shop, nicolae_diamond_shop, minmay_misc_feat_rugged

Skill      XL: |  1 |
---------------+----+-----
Axes           | 3 |  3.5
Fighting       | |  3.9
Armour         | |  3.5
Dodging        | |  0.2
Shields        | |  3.5

Action                   || total
-------------------------++-------
Melee: War axe           ||    59
Armor: Scale mail        ||    39
Dodge: Dodged            ||    37
Block: Buckler           ||    22

Table legend: (Time is in decaauts)
 A = Elapsed time spent in this place.
 B = Non-inter-level travel time spent in this place.
 C = Inter-level travel time spent in this place.
 D = Time resting spent in this place.
 E = Time spent auto-exploring this place.
 F = Levels seen in this place.
 G = Mean time per level.
                   A        B        C        D        E       F      G
               +--------+--------+--------+--------+--------+-----+--------+
         Total |   1257 |   1237 |     20 |    561 |    394 |   1 | 1257.0 |
       Dungeon |   1257 |   1237 |     20 |    561 |    394 |   1 | 1257.0 |
               +--------+--------+--------+--------+--------+-----+--------+

Top non-repeatable levels by time:
     D:1: 1257 daAuts
